 Dungeon Crawl Stone Soup version 0.24-a0-584-g9d6b971ae4 (webtiles) character file.

Game seed: 17677939720072760635, levelgen mode: deterministic

13 Mithandil the Skirmisher (level 2, -5/24 HPs)
             Began as a Demonspawn Abyssal Knight on Sept 3, 2019.
             Was a Follower of Lugonu.
             Slain by a worm (9 damage)
             ... on level 3 of the Dungeon.
             The game lasted 00:02:27 (337 turns).

Mithandil the Skirmisher (Demonspawn Abyssal Knight) Turns: 337, Time: 00:02:27

Health: -5/24      AC:  3    Str: 12    XL:     2   Next: 24%
Magic:  3/3        EV: 11    Int: 13    God:    Lugonu [*.....]
Gold:   7          SH:  0    Dex: 12    Spells: 1/1 levels left

rFire    . . .     SeeInvis .   a - +1 falchion
rCold    . . .     Gourm    .   (no shield)
rNeg     . . .     Faith    .   b - +0 leather armour
rPois    .         Spirit   .   (helmet restricted)
rElec    .         Reflect  .   (no cloak)
rCorr    .         Harm     .   (no gloves)
MR       .....                  (no boots)
Stlth    +.........             (no amulet)
HPRegen  0.08/turn              (no ring)
MPRegen  0.08/turn              (no ring)

@: no status effects
A: antennae 1
a: Depart the Abyss, Renounce Religion


You were on level 3 of the Dungeon.
You worshipped Lugonu.
Lugonu was aware of your devotion.
You were not hungry.

You visited 1 branch of the dungeon, and saw 3 of its levels.
You visited the Abyss 1 time.

You collected 7 gold pieces.

Inventory:

Hand Weapons
 a - a +1 falchion (weapon)
Missiles
 e - 19 stones (quivered)
 f - 15 sling bullets
 h - 13 poisoned darts
Armour
 b - a +0 leather armour (worn)
Jewellery
 g - an uncursed ring of protection from magic {unknown}
 l - an uncursed ring of protection from fire {unknown}
Potions
 i - a potion of berserk rage {unknown}
 j - a potion of heal wounds {unknown}
 k - a potion of lignification {unknown}
Comestibles
 c - 2 rations
 d - a chunk of flesh


   Skills:
 + Level 3.0 Fighting
 * Level 2.1 Long Blades
 + Level 1.9 Armour
 + Level 1.0 Dodging
 + Level 0.4 Stealth
 + Level 0.2 Unarmed Combat
 + Level 2.6 Invocations


You had one spell level left.
You didn't know any spells.
Your spell library was empty.

Dungeon Overview and Level Annotations

Branches:
Dungeon (3/15)

Altars:


Innate Abilities, Weirdness & Mutations

You have a pair of small antennae on your head.


Message History

You barely miss the quokka. The quokka closely misses you.
The quokka bites you.
* * * LOW HITPOINT WARNING * * *
You miss the quokka.
The quokka bites you but does no damage.
You slash the quokka!
You kill the quokka!
Lugonu accepts your kill.
You barely miss the worm. You slash the worm!
The worm is heavily wounded.
The worm completely misses you.
You hit the worm.
The worm is severely wounded.
The worm barely misses you.
You riposte.
You barely miss the worm.
The worm is heavily wounded.
You hit the worm.
The worm is almost dead.
The worm bites you!
You die...

..###.## # .......#
#.# #. #.##...# #...
.) #.##...###..##
#.#.##.........#
.#.##.<##...# #...#
.............# #...#
..#.##..##...###...#
# #.#.##....@ww..#
..........###.#.#.#
#.###.......r......#
## #.##.#.###w..#.#
#.##.#.# ?...# ..
..#g#....... .
.....w.........
##..r.....?......
/........#.###


You could see 2 worms.

Vanquished Creatures
  A worm (D:2)
  A ball python (D:1)
  A giant cockroach (D:2)
  2 hobgoblins
  A kobold (D:2)
  A quokka (D:3)
  A goblin (D:3)
  A rat (D:2)
9 creatures vanquished.

Notes
Turn   | Place    | Note
-------+----------+-------------------------------------------
     0 | Abyss:1  | Mithandil the Demonspawn Abyssal Knight began the quest for
                  | the Orb.
     0 | Abyss:1  | Reached XP level 1. HP: 18/18 MP: 2/2
    18 | Abyss:1  | Found a corrupted altar of Lugonu.
    90 | Abyss:1  | Noticed a white very ugly thing
    92 | Abyss:1  | Noticed a raiju
   104 | D:1      | Escaped the Abyss
   234 | D:2      | Reached skill level 1 in Dodging
   238 | D:2      | Reached * piety under Lugonu
   285 | D:2      | Gained mutation: You have a pair of small antennae on your
                  | head. [demonic ancestry]
   285 | D:2      | Reached XP level 2. HP: 7/24 MP: 3/3
   337 | D:3      | Slain by a worm

Levels and vault maps discovered:
D:1:      dpeg_arrival_leaves_temple_mockup, layout_basic
D:2:      layout_loops_ring, old_standard_altar, minmay_octomino_j4,
          uniq_terence
D:3:      layout_loops_ring, amethyst_overflow_temple_binary

Skill      XL: |  1 |
---------------+----+-----
Dodging        | 1 |  1.0
Long Blades    | 2 |  2.1
Fighting       | |  3.0
Armour         | |  1.9
Stealth        | |  0.4
Unarmed Combat | |  0.2
Invocations    | |  2.6

Action                   || total
-------------------------++-------
Melee: Falchion          ||    35
Invok: Depart the Abyss  ||     1
  Use: Potion            ||     1
Armor: Leather armour    ||     5
Dodge: Dodged            ||    18
       Rpst.: Falchion   ||     6

Table legend:
 A = Non-vault XP
 B = Vault XP
 C = Vault XP percentage of total XP
 D = Non-vault monster count
 E = Vault monster count
 F = Vault count percentage of total count
                 A         B        C        D         E       F
            +---------+---------+-------+---------+---------+-------
      Total |      19 |       0 |   0.0 |       9 |       0 |   0.0
            +---------+---------+-------+---------+---------+-------
        D:1 |       2 |       0 |   0.0 |       1 |       0 |   0.0
        D:2 |      12 |       0 |   0.0 |       5 |       0 |   0.0
        D:3 |       5 |       0 |   0.0 |       3 |       0 |   0.0
            +---------+---------+-------+---------+---------+-------
